 Dungeon Crawl Stone Soup version 0.22-a0-192-g6ffc940 (webtiles) character file.

744 Amnesiac the Magician (level 7, 0/46 HPs)
             Began as a Mummy Earth Elementalist on Feb 16, 2018.
             Slain by a sky beast (5 damage)
             ... on level 5 of the Dungeon.
             The game lasted 00:05:29 (2572 turns).

Amnesiac the Magician (Mummy Earth Elementalist)    Turns: 2572, Time: 00:05:29

Health: 0/46       AC:  3    Str: 11    XL:     7   Next: 47%
Magic:  4/16       EV: 12    Int: 16    God:
Gold:   196        SH:  0    Dex: 13    Spells: 3/18 levels left

rFire    x . .     SeeInvis .   j - +0 dagger
rCold    + . .     Gourm    .   (no shield)
rNeg     + + +     Faith    .   c - +0 robe
rPois    ∞         Spirit   .   (no helmet)
rElec    .         Reflect  .   e - +0 cloak
rCorr    .         Harm     .   (no gloves)
MR       .....                  (no boots)
Stlth    ++........             (no amulet)
HPRegen  0.15/turn              (no ring)
MPRegen  0.15/turn              (no ring)

@: no status effects
A: no food or potions, fire vulnerability, cold resistance 1, negative energy
resistance 3, torment resistance, unbreathing
a: no special abilities


You were on level 5 of the Dungeon.
You were not hungry.

You visited 1 branch of the dungeon, and saw 5 of its levels.

You collected 196 gold pieces.

Inventory:

Hand Weapons
 j - a +0 dagger (weapon)
 q - a +0 whip of electrocution
Missiles
 i - 20 poisoned needles
Armour
 c - a +0 robe (worn)
 e - a +0 cloak (worn)
 n - a +0 shield
 r - a +0 pair of gloves
Wands
 p - a wand of polymorph (8)
Scrolls
 a - 3 scrolls of remove curse {!r}
 f - 2 scrolls of teleportation {!r, unknown}
 g - a scroll of noise {!r, unknown}
 h - a scroll of amnesia {!r, unknown}
 k - 2 scrolls of identify {!r, unknown}
 l - 2 scrolls of magic mapping {!r}
 m - 2 scrolls of fear {!r, unknown}
 o - 2 scrolls of enchant weapon {!r, unknown}
Books
 d - a book of Geomancy

   Spells                             Type                      Level
   a - Sandblast                      Earth                        1
   b - Passwall                       Transmutation/Earth          2
   c - Stone Arrow                    Conjuration/Earth            3
   d - Petrify                        Transmutation/Earth          4
   e - Lee's Rapid Deconstruction     Earth                        5


   Skills:
 - Level 1.5 Dodging
 - Level 1.5 Stealth
 + Level 6.2 Spellcasting
 - Level 0.7 Transmutations
 * Level 6.2 Earth Magic


You had 3 spell levels left.
You knew the following spells:

 Your Spells              Type           Power        Failure   Level  Hunger
a - Stone Arrow           Conj/Erth      ##....       11%         3    N/A
b - Passwall              Tmut/Erth      ###.......   4%          2    N/A
c - Sandblast             Erth           ###...       1%          1    N/A
d - Lee's Rapid Deconstr  Erth           ###.......   28%         5    N/A
e - Petrify               Tmut/Erth      ###.....     32%         4    N/A

Dungeon Overview and Level Annotations

Branches:
Dungeon (5/15)
 Temple: D:4-7

Altars:
Gozag
Hepliaklqana
Okawaru
Trog
Yredelemnul

Shops:
D:4 =[=%


Innate Abilities, Weirdness & Mutations

You do not eat or drink.
Your flesh is vulnerable to fire.
You are immune to poison.
Your flesh is cold resistant. (rC+)
You are immune to negative energy. (rN+++)
You are immune to unholy pain and torment.
You can survive without breathing.


Message History

Aim: a sky beast The stone arrow misses the sky beast.
Unknown command.
Casting: Stone Arrow (safe; 11% risk of failure)
Confirm with . or Enter, or press ? or * to list all spells.
Aiming: Stone Arrow (safe; 11% risk of failure)
Press: ? - help, Shift-Dir - straight line, f/p - sky beast
Aim: a sky beast The stone arrow misses the sky beast.
Casting: Stone Arrow (safe; 11% risk of failure)
Confirm with . or Enter, or press ? or * to list all spells.
Aiming: Stone Arrow (safe; 11% risk of failure)
Press: ? - help, Shift-Dir - straight line, f/p - sky beast
Aim: a sky beast The stone arrow hits the sky beast.
The sky beast is moderately wounded.
The sky beast closely misses you.
Casting: Stone Arrow (safe; 11% risk of failure)
Confirm with . or Enter, or press ? or * to list all spells.
Aiming: Stone Arrow (safe; 11% risk of failure)
Press: ? - help, Shift-Dir - straight line, f/p - sky beast
Aim: a sky beast (moderately wounded)
The stone arrow misses the sky beast.
The sky beast hits you but does no damage.
Casting: Stone Arrow (safe; 11% risk of failure)
Confirm with . or Enter, or press ? or * to list all spells.
Aiming: Stone Arrow (safe; 11% risk of failure)
Press: ? - help, Shift-Dir - straight line, f/p - sky beast
Aim: a sky beast (moderately wounded)
The stone arrow misses the sky beast.
The sky beast hits you but does no damage.
Casting: Stone Arrow (safe; 11% risk of failure)
Confirm with . or Enter, or press ? or * to list all spells.
You don't have enough magic to cast that spell.
Casting: Stone Arrow (safe; 11% risk of failure)
Confirm with . or Enter, or press ? or * to list all spells.
You don't have enough magic to cast that spell.
Casting: Stone Arrow (safe; 11% risk of failure)
Confirm with . or Enter, or press ? or * to list all spells.
You don't have enough magic to cast that spell.
The centaur shouts!
The centaur wields a shortbow.
The centaur shoots an arrow.
The arrow closely misses you.
The sky beast flickers out of sight!
Deactivating autopickup; reactivate with Ctrl-A.
The centaur shoots an arrow.
The arrow hits you!
The centaur shoots an arrow.
The arrow hits you!
The centaur shoots an arrow.
The arrow hits you!
* * * LOW HITPOINT WARNING * * *
You see here an arrow.
The centaur shoots an arrow.
The arrow hits you!
* * * LOW HITPOINT WARNING * * *
You see here an arrow.
Really read
a - 4 scrolls labeled WEBYTHR UROUTH {!r}?
As you read the scroll labeled WEBYTHR UROUTH {!r}, it crumbles to dust.
You feel blessed for a moment.
It was a scroll of remove curse {!r}.
Something hits you but does no damage.
Really read
l - 3 scrolls labeled IRI BYUREFUOMP {!r}?
As you read the scroll labeled IRI BYUREFUOMP {!r}, it crumbles to dust.
You feel aware of your surroundings.
It was a scroll of magic mapping {!r}.
Something hits you.
* * * LOW HITPOINT WARNING * * *
Something shocks you.
You die...

#.## ##.....##*,**,*,* #c#
#.......#*,**,*,* #.#
#.##.##.#*,,,,,,*
#.######.##.##.#####.#**
#.c....#.#.†##.......# ##
######c#.#.###.########## .#
#.#.#.###.# #....... .#####
#.#.......###.#####. .....#
#(#@#.##...#...####. .###.#
#c(..#.............. .....#
###.###............. .##..#
#..#.##.#......##.
.##..########
#.#..##.##........
#...........#
#.......###.##.###
#<#.........# ###...###
#.#.#.## .........#..# #...#
#..###.#
..###.##.#..######...#####)##
##.


You could see a centaur.

Vanquished Creatures
  Menkaure (D:5)
  A centaur (D:5)
  A bullfrog (D:4)
  2 scorpions (D:5)
  A crimson imp (D:5)
  An orc priest (D:3)
  2 orc wizards (D:5)
  A centaur skeleton (D:4)
  The ghost of 4thArraOfDagon the Sneak, a weakling FeWn (D:4)
  2 bullfrog skeletons (D:5)
  2 worker ants (D:4)
  4 adders
  An adder zombie (D:5)
  2 adder skeletons (D:4)
  2 worms (D:4)
  2 dart slugs (D:1)
  5 orcs
  A bat (D:2)
  A hobgoblin (D:3)
  7 jackals
  2 quokkas (D:4)
  3 ball pythons
  A jackal skeleton (D:4)
  A rat (D:2)
47 creatures vanquished.

Notes
Turn   | Place    | Note
-------+----------+-------------------------------------------
     0 | D:1      | Amnesiac the Mummy Earth Elementalist began the quest for the Orb.
     0 | D:1      | Reached XP level 1. HP: 13/13 MP: 4/4
   255 | D:2      | Reached XP level 2. HP: 19/19 MP: 3/6
   368 | D:3      | Reached XP level 3. HP: 7/24 MP: 0/8
   595 | D:3      | Reached XP level 4. HP: 29/30 MP: 3/9
   630 | D:3      | Learned a level 2 spell: Passwall
   635 | D:3      | Learned a level 4 spell: Petrify
   842 | D:4      | Found Faxuypp's Jewellery Emporium.
   866 | D:4      | Noticed 4thArraOfDagon's ghost (weakling FeWn)
   890 | D:4      | Found Liraecus's Antique Armour Boutique.
   901 | D:4      | Found Qyth's Jewellery Shop.
   918 | D:4      | Found Giemevvyon's Food Shop.
  1165 | D:4      | Killed 4thArraOfDagon's ghost
  1182 | D:4      | Reached XP level 5. HP: 2/35 MP: 1/11
  1847 | D:4      | Found an iron altar of Okawaru.
  1847 | D:4      | Found a hazy altar of Hepliaklqana.
  1849 | D:4      | Found a basalt altar of Yredelemnul.
  1855 | D:4      | Found a bloodstained altar of Trog.
  1855 | D:4      | Found an opulent altar of Gozag.
  1866 | D:5      | Entered Level 5 of the Dungeon
  1875 | D:5      | Reached XP level 6. HP: 36/41 MP: 8/13
  1908 | D:5      | Learned a level 5 spell: Lee's Rapid Deconstruction
  1918 | D:5      | Reached skill level 5 in Spellcasting
  1918 | D:5      | Reached skill level 5 in Earth Magic
  1941 | D:5      | Noticed Menkaure
  1986 | D:5      | Killed Menkaure
  1986 | D:5      | Reached XP level 7. HP: 43/46 MP: 10/15
  2111 | D:5      | Learned a level 3 spell: Stone Arrow
  2572 | D:5      | Slain by a sky beast

Vault maps used:
D:1:      evilmike_arrival_home_sweet_home, kennysheep_crisscross
D:2:      kennysheep_six_static_rooms, chequers_ecumenical_altar_simple_redux,
          uniq_natasha
D:3:      lemuel_coloured_pillars_altar
D:4:      nicolae_overflow_hidden_temple, serial_shops, shop, shop_fountains,
          kennysheep_little_box, nicolae_shop_crystal, first_ration,
          minmay_misc_feat_iff, minmay_misc_feat_square
D:5:      uniq_menkaure

Skill      XL: |  1  2  3  4  5  6  7 |
---------------+----------------------+-----
Spellcasting   | 3 4 5 6 |  6.2
Earth Magic    | 3 4 5 6 |  6.2
Dodging        | |  1.5
Stealth        | |  1.5
Transmutations | |  0.7

Action                   |  1- 3 |  4- 6 |  7- 9 || total
-------------------------+-------+-------+-------++-------
Melee: Dagger            |       |    33 |       ||    33
 Cast: Sandblast         |    24 |    52 |    25 ||   101
       Passwall          |       |     3 |       ||     3
       Stone Arrow       |       |       |    11 ||    11
  Use: Scroll            |       |       |     2 ||     2
 Stab: Sleeping          |       |     3 |       ||     3
Armor: Robe              |     1 |    11 |     3 ||    15
Dodge: Dodged            |     5 |    25 |     5 ||    35

Table legend:
 A = Spawn XP
 B = Non-spawn XP
 C = Spawn XP percentage of total XP
 D = Spawn monster count
 E = Non-spawn monster count
 F = Spawn count percentage of total count
 G = Total turns spent on level
                    A         B        C        D         E        F      G
               +---------+---------+-------+---------+---------+-------+---------
         Total |       0 |    1063 |   0.0 |       0 |      47 |   0.0 |  2572
               +---------+---------+-------+---------+---------+-------+---------
           D:1 |       0 |       8 |   0.0 |       0 |       2 |   0.0 |   251
           D:2 |       0 |      30 |   0.0 |       0 |       4 |   0.0 |    99
           D:3 |       0 |      61 |   0.0 |       0 |       4 |   0.0 |   359
           D:4 |       0 |     277 |   0.0 |       0 |      18 |   0.0 |  1157
           D:5 |       0 |     687 |   0.0 |       0 |      19 |   0.0 |   706
               +---------+---------+-------+---------+---------+-------+---------
